 Dungeon Crawl Stone Soup version 0.28.0 (webtiles) character file.

Game seed: 6770782180139377431

1187 Hasart the Insei (level 8, -2/81 HPs)
             Began as an Octopode Transmuter on Feb 13, 2022.
             Succumbed to Edmund's poison
             ... on level 5 of the Dungeon.
             The game lasted 00:08:01 (7155 turns).

Hasart the Insei (Octopode Transmuter)              Turns: 7155, Time: 00:08:02

Health: -2/81      AC: 24    Str:  9    XL:     8   Next: 43%
Magic:  11/13      EV:  2    Int: 18    God:
Gold:   274        SH:  0    Dex: 12    Spells: 4/14 levels left

rFire   . . .      SeeInvis .     - Unarmed
rCold   + . .      Faith    .   (no shield)
rNeg    . . .      Spirit   .   (helmet currently unavailable)
rPois   +          Reflect  .   k - amulet of the acrobat
rElec   .          Harm     .   q - ring of protection from cold
rCorr   .          Rampage  .   (no ring)
Will    .....      NoTele   +   (no ring)
Stlth   +.........              (no ring)
HPRegen 0.23/turn               (no ring)
MPRegen 0.13/turn               (no ring)
                                (no ring)
                                (no ring)

@: mighty, lethally poisoned (-2 -> -26), tree-form
A: stationary, stasis, torment immunity, boosted hp, almost no armour,
(amphibious), 8 rings, (camouflage 1), (gelatinous body 1), (nimble swimmer 1),
(tentacles)
a: no special abilities


You were on level 5 of the Dungeon.
You were a tree.
You visited 2 branches of the dungeon, and saw 7 of its levels.

You collected 274 gold pieces.

Inventory:

Missiles
 d - 5 silver javelins
Jewellery
 k - an amulet of the acrobat (around neck)
 l - an amulet of faith
 q - a ring of protection from cold (left branch)
Wands
 o - a wand of flame (25)
Scrolls
 a - 4 scrolls of identify {unknown}
 b - a scroll of immolation {unknown}
 g - a scroll of torment {unknown}
 j - a scroll of silence {unknown}
 m - 3 scrolls of blinking {unknown}
 p - a scroll of enchant weapon {unknown}
Potions
 c - 2 potions of might
 e - a potion of attraction {unknown}
 f - a potion of haste {unknown}
 h - 2 potions of lignification
 i - 3 potions of flight
 n - a potion of mutation {unknown}


   Skills:
 + Level 3.6 Fighting
 + Level 4.0 Dodging
 * Level 6.0 Unarmed Combat
 + Level 3.7 Spellcasting
 + Level 4.1 Transmutations
 + Level 1.6 Ice Magic
 + Level 3.5 Poison Magic
 + Level 0.9 Evocations


You had 4 spell levels left.
You knew the following spells:

 Your Spells              Type           Power      Damage    Failure   Level
a - Beastly Appendage     Tmut           36%        N/A       2%          1
b - Wereblood             Tmut           18%        N/A       4%          2
c - Spider Form           Tmut/Pois      17%        N/A       10%         3
d - Ice Form              Ice/Tmut       13%        N/A       43%         4

Your spell library contained the following spells:

 Spells                   Type           Power      Damage    Failure   Level
 Gell's Gravitas          Tloc           3%         N/A       41%         3
 Lesser Beckoning         Tloc           3%         N/A       41%         3
 Teleport Other           Tloc           3%         N/A       41%         3
 Fireball                 Conj/Fire      1%         3d3       99%         5
 Starburst                Conj/Fire      1%         6d3       100%        6
 Ignition                 Fire           1%         3d3       100%        8


Dungeon Overview and Level Annotations

Branches:
Dungeon (6/15)             Temple (1/1) D:5

Altars:
Ashenzari
Dithmenos
Elyvilon
Hepliaklqana
Nemelex Xobeh
Ru
Sif Muna
Trog
Uskayaw
Vehumet
Zin

Annotations:
D:3 1 runed translucent door, Crazy Yiuf
D:5 Edmund


Innate Abilities, Weirdness & Mutations

You are a tree.
Your roots penetrate the ground, keeping you stationary.
You cannot be teleported.
You are immune to unholy pain and torment.
Your maximum health is greatly increased.
You cannot wear most types of armour.
((You are amphibious.))
You can wear up to eight rings at the same time.
((Your skin changes colour to match your surroundings (Stealth+).))
((Your rubbery body absorbs attacks. (AC +1, EV +1)))
((You are camouflaged when in or above water. (Stealth+)))
((You have tentacles for arms and can constrict up to eight enemies at once.))


Message History

Your Unarmed Combat skill increases to level 6!
You start resting.
HP restored.
Casting: Spider Form (dangerous; 10% risk of failure)
Confirm with . or Enter, or press ? or * to list all spells.
You turn into a venomous arachnid creature.
You climb downwards.
Level annotation: Edmund Edmund closely misses you.
There is a stone staircase leading up here.
Edmund hits you with a +0 dire flail of venom.
You are poisoned.
The wyvern zombie misses you.
You climb upwards.
You feel extremely sick.
There is a stone staircase leading down here.
You barely miss Edmund.
You feel very sick. Edmund completely misses you.
You hit Edmund.
Edmund is poisoned.
Edmund is lightly wounded.
You feel sick.
Edmund hits you with a +0 dire flail of venom!
You are lethally poisoned!
You feel extremely sick.
It was a potion of flight.
You feel very buoyant.
You fly up into the air.
* * * LOW HITPOINT WARNING * * *
You feel extremely sick. Edmund barely misses you.
It was a potion of might.
You feel very mighty all of a sudden.
* * * LOW HITPOINT WARNING * * *
You feel extremely sick. Edmund completely misses you.
It was a potion of lignification.
Your transformation has ended.
You turn into a tree.
Your roots penetrate the ground.
You die...

#....# ##.##.#
#....# #..#.#
.....# #######.#.#
##...# #.........#
.....# #..(......#
..#######.........#
..'...............#
..######..........#
..# #........♣.#
..# #........@>#
### #....(.....#
#.########.# #.#
#.# #.# #.# #.# #.#
#.########.#
#.......##.#


You could see Edmund (very poisoned).

Vanquished Creatures
  Grinder (D:5)
  Sigmund (D:4)
  A necrophage (D:5)
  A phantom (D:4)
  A bullfrog (D:5)
  2 water moccasin skeletons
  A howler monkey (D:5)
  2 hounds
  A centaur skeleton (D:4)
  An orc priest (D:3)
  A bullfrog skeleton (D:3)
  2 iguanas
  Natasha (thrice) (D:4)
  A howler monkey zombie (D:5)
  Robin (D:2)
  A howler monkey skeleton (D:5)
  6 adders
  An ufetubus (D:4)
  2 worms (D:3)
  4 dart slugs
  6 orcs
  11 ball pythons
  7 endoplasms
  3 giant cockroaches
  15 goblins
  7 hobgoblins
  3 quokkas
  4 bats
  3 frilled lizards
  5 kobolds (D:1)
  7 rats
105 creatures vanquished.

Notes
Turn   | Place    | Note
-------+----------+-------------------------------------------
     0 | D:1      | Hasart the Octopode Transmuter began the quest for the Orb.
     0 | D:1      | Reached XP level 1. HP: 13/13 MP: 3/3
   197 | D:1      | Found a faded altar of an unknown god.
   234 | D:1      | Reached XP level 2. HP: 18/18 MP: 5/5
   532 | D:1      | Learned a level 2 spell: Wereblood
  1516 | D:2      | Reached XP level 3. HP: 23/23 MP: 2/6
  1563 | D:2      | Noticed Robin
  1574 | D:2      | Killed Robin
  1635 | D:2      | Reached XP level 4. HP: 28/28 MP: 2/7
  2312 | D:3      | Learned a level 3 spell: Spider Form
  2538 | D:3      | Reached skill level 4 in Unarmed Combat
  2538 | D:3      | Reached XP level 5. HP: 13/34 MP: 6/8
  3191 | D:3      | Found a runed translucent door.
  3192 | D:3      | Noticed Crazy Yiuf
  3358 | D:3      | Found a white marble altar of Elyvilon.
  3506 | D:3      | Reached skill level 1 in Poison Magic
  4210 | D:4      | Reached XP level 6. HP: 21/40 MP: 8/10
  4637 | D:4      | Noticed Sigmund
  4662 | D:4      | Killed Sigmund
  4663 | D:4      | Reached XP level 7. HP: 37/45 MP: 9/11
  4726 | D:4      | Reached skill level 5 in Unarmed Combat
  5051 | D:4      | Noticed Natasha
  5060 | D:4      | Killed Natasha
  5146 | D:4      | Noticed Natasha
  5156 | D:4      | Killed Natasha
  5423 | D:4      | Learned a level 4 spell: Ice Form
  5713 | D:4      | Noticed Natasha
  5720 | D:4      | Killed Natasha
  5862 | D:5      | Entered Level 5 of the Dungeon
  5909 | D:5      | Found a staircase to the Ecumenical Temple.
  6060 | D:5      | Noticed Grinder
  6067 | Temple   | Entered the Ecumenical Temple
  6364 | D:5      | Paralysed by Grinder for 4 turns
  6368 | D:5      | Killed Grinder
  6369 | D:5      | Reached skill level 1 in Ice Magic
  6369 | D:5      | Reached XP level 8. HP: 35/52 MP: 13/13
  7020 | D:6      | Noticed Edmund
  7037 | D:5      | Reached skill level 6 in Unarmed Combat
  7154 | D:5      | HP: 2/54 [poisoned by Edmund]
  7155 | D:5      | Succumbed to Edmund's poison

Illustrated notes

Levels and vault maps discovered:
D:1:      tarquinn_simple_flora_water_f, layout_basic,
          ebering_ecumenical_altar_rust, minmay_tetromino_s2
D:2:      layout_basic, solitary_fountain, hangedman_decor_push,
          grunt_ministairs_15, uniq_robin
D:3:      layout_basic, mainiacjoe_overflow_paths, minmay_pentangle,
          uniq_crazy_yiuf_cottage
D:4:      layout_layer_cave, uniq_sigmund, uniq_natasha
D:5:      layout_basic, minmay_temple_entry_ruins, uniq_grinder
D:6:      layout_rooms, overflow_temple_1_default, uniq_edmund
Temple:   eino_wide_crystal_templ

Skill      XL: |  1  2  3  4  5  6  7  8 |
---------------+-------------------------+-----
Fighting       | 2 3 |  3.6
Unarmed Combat | 4 5 6 |  6.0
Poison Magic   | 1 2 3 |  3.5
Dodging        | 3 4 |  4.0
Transmutations | 3 4 |  4.1
Spellcasting   | 3 |  3.7
Ice Magic      | 1 |  1.6
Evocations     | |  0.9

Action                   |  1- 3 |  4- 6 |  7- 9 || total
-------------------------+-------+-------+-------++-------
Melee: Unarmed           |    66 |   127 |    97 ||   290
       Constrict         |    20 |    22 |    13 ||    55
       Tentacles         |    15 |    24 |    13 ||    52
       Punch             |     2 |     3 |     2 ||     7
       Kick              |     4 |    12 |       ||    16
 Cast: Beastly Appendage |     7 |     9 |       ||    16
       Wereblood         |     4 |     1 |       ||     5
       Spider Form       |       |     4 |     5 ||     9
  Use: Potion            |       |       |     3 ||     3
 Stab: Sleeping          |     3 |     9 |     2 ||    14
Armor: Skin              |     5 |     9 |     2 ||    16
Dodge: Dodged            |    27 |    98 |    63 ||   188
